 Dungeon Crawl Stone Soup version 0.24.0-1-gfbc8707 (webtiles) character file.

Game seed: 3181251462166346358, levelgen mode: deterministic

690 Geeful the Skirmisher (level 7, 0/72 HPs)
             Began as an Ogre Wanderer on Oct 30, 2019.
             Was an Initiate of Wu Jian.
             Slain by a giant cockroach (1 damage)
             ... on level 4 of the Dungeon.
             The game lasted 00:14:51 (5195 turns).

Geeful the Skirmisher (Ogre Wanderer)               Turns: 5195, Time: 00:14:52

Health: 0/72       AC:  4    Str: 20    XL:     7   Next: 63%
Magic:  10/10      EV: 10    Int: 12    God:    Wu Jian [......]
Gold:   193        SH:  0    Dex:  8    Spells: 10/10 levels left

rFire    . . .     SeeInvis .   l - +0 giant spiked club
rCold    . . .     Gourm    .   (shield currently unavailable)
rNeg     . . .     Faith    .   d - +0 robe
rPois    .         Spirit   .   (helmet restricted)
rElec    .         Reflect  .   b - +0 cloak (curse)
rCorr    .         Harm     .   (gloves unavailable)
MR       .....                  (boots unavailable)
Stlth    +.........             (no amulet)
HPRegen  0.22/turn              (no ring)
MPRegen  0.12/turn              (no ring)

@: lethally poisoned (0 -> -1)
A: large, unfitting armour, tough skin 1
a: Renounce Religion


You were on level 4 of the Dungeon.
You worshipped Wu Jian.
Wu Jian was noncommittal.
You were hungry.

You visited 2 branches of the dungeon, and saw 5 of its levels.

You collected 193 gold pieces.

Inventory:

Hand Weapons
 a - a +0 club
 e - a +0 whip
 l - a +0 giant spiked club (weapon)
 n - a +1 mace of protection
 o - a cursed -2 mace
 p - a +1 mace of protection
Missiles
 h - 2 silver boomerangs
 i - 11 boomerangs (quivered)
Armour
 b - a cursed +0 cloak (worn)
 d - a +0 robe (worn)
Scrolls
 g - 2 scrolls of amnesia
 k - 2 scrolls of teleportation
Potions
 c - 2 potions of flight
 j - 3 potions of heal wounds
Comestibles
 f - 6 rations


   Skills:
 + Level 5.1 Fighting
 + Level 3.4 Maces & Flails
 + Level 4.0 Throwing
 + Level 3.4 Dodging
   Level 1.0 Shields
 - Level 2.4 Spellcasting
   Level 2.6 Conjurations
   Level 1.0 Necromancy
   Level 1.0 Earth Magic
   Level 1.0 Poison Magic


You had 10 spell levels left.
You didn't know any spells.
Your spell library contained the following spells:

 Spells                   Type           Power        Failure   Level  Hunger
 Sting                    Conj/Pois      #...         12%         1    ##.....
 Animate Skeleton         Necr           N/A          17%         1    ##.....
 Pain                     Necr           #...         17%         1    ##.....
 Mephitic Cloud           Conj/Pois/Air  #.......     43%         3    ####...
 Vampiric Draining        Necr           #.........   45%         3    ####...
 Regeneration             Chrm/Necr      #.........   54%         3    ####...
 Spider Form              Tmut/Pois      #.........   54%         3    ####...
 Animate Dead             Necr           N/A          86%         4    #####..


Dungeon Overview and Level Annotations

Branches:
Dungeon (4/15)             Temple (1/1) D:4

Altars:
Cheibriados
Dithmenos
Elyvilon
Fedhas
Kikubaaqudgha
Makhleb
Nemelex Xobeh
Ru
Vehumet
Wu Jian
Yredelemnul


Innate Abilities, Weirdness & Mutations

You are too large for most types of armour.
You have tough skin. (AC +1)


Message History

* * * LOW HITPOINT WARNING * * *
The giant cockroach bites you but does no damage.
The howler monkey hits you but does no damage.
The howler monkey hits you.
* * * LOW HITPOINT WARNING * * *
The giant cockroach barely misses you.
You barely miss the howler monkey.
You feel sick. The howler monkey hits you.
* * * LOW HITPOINT WARNING * * *
The howler monkey hits you.
* * * LOW HITPOINT WARNING * * *
The giant cockroach closely misses you.
The howler monkey hoots and howls with incredible vigour! x2
The giant cockroach bites you but does no damage.
You closely miss the howler monkey.
You feel sick. The howler monkey closely misses you.
The giant cockroach bites you but does no damage.
The howler monkey closely misses you. The howler monkey hits you.
* * * LOW HITPOINT WARNING * * *
The giant cockroach bites you.
You die...

#.###.#..#.###########...# #.##8.
.......).................# #.##..
###................###...###.#8..
####..##.#####.........##.)##..
#.........>..###.##..#..#.###8.
###.###.##.###.###....###...## ##
#...# #.########...#### ##...####
..### #........####### ##.###...
### ###.#..#.h@s...####..####.. #
#......#h#.#.##......##.. #
#......#.....##......#...
#########.#..#.#.#.#.##..........
........#......#.....#.......#.##
################## '############.
#.. #s. .#...## ## #.. o# ###..#
# ### # ####.# ##


You could see 2 howler monkeys and a giant cockroach.

Vanquished Creatures
  Grinder (D:3)
  2 ogres (D:4)
  An orc priest (D:4)
  A bullfrog skeleton (D:3)
  2 orc wizards
  Crazy Yiuf (D:3)
  A worker ant (D:4)
  3 gnolls (D:4)
  8 adders
  3 worms
  A dart slug (D:3)
  3 leopard geckos
  8 orcs
  2 ball pythons
  2 giant cockroaches
  10 goblins
  5 jackals
  3 kobolds
  7 bats
  2 frilled lizards
  A jackal skeleton (D:4)
  5 rats
72 creatures vanquished.

Notes
Turn   | Place    | Note
-------+----------+-------------------------------------------
     0 | D:1      | Geeful the Ogre Wanderer began the quest for the Orb.
     0 | D:1      | Geeful set off with the following items: a +0 club, a +0
                  | robe, a ration; and the following spells available to
                  | memorise: Sting, Animate Skeleton, Pain, Mephitic Cloud,
                  | Vampiric Draining, Regeneration, Spider Form, Animate Dead
     0 | D:1      | Reached XP level 1. HP: 16/16 MP: 3/3
   564 | D:1      | Reached XP level 2. HP: 20/26 MP: 5/5
   570 | D:1      | Reached skill level 1 in Fighting
  1127 | D:2      | Reached skill level 1 in Maces & Flails
  1127 | D:2      | Reached skill level 1 in Dodging
  1127 | D:2      | Reached XP level 3. HP: 32/33 MP: 6/6
  1277 | D:2      | Found a snail-covered altar of Cheibriados.
  1514 | D:2      | Reached skill level 2 in Fighting
  1891 | D:2      | Found a sacrificial altar of Ru.
  1948 | D:2      | Reached XP level 4. HP: 28/42 MP: 7/7
  2351 | D:3      | Reached XP level 5. HP: 8/52 MP: 8/8
  2574 | D:3      | Noticed Grinder
  2584 | D:3      | Paralysed by Grinder for 3 turns
  2588 | D:3      | Killed Grinder
  2588 | D:3      | Reached skill level 3 in Fighting
  2588 | D:3      | Reached XP level 6. HP: 42/62 MP: 9/9
  2833 | D:3      | Reached skill level 4 in Fighting
  2855 | D:3      | Found a burning altar of Makhleb.
  3037 | D:3      | Found a runed translucent door.
  3038 | D:3      | Noticed Crazy Yiuf
  3047 | D:3      | Killed Crazy Yiuf
  3364 | D:3      | Found a white marble altar of Elyvilon.
  3580 | D:4      | Found a staircase to the Ecumenical Temple.
  3589 | Temple   | Entered the Ecumenical Temple
  3644 | Temple   | Became a worshipper of the Wu Jian Council
  3764 | D:4      | Found a sparkling altar of Nemelex Xobeh.
  3766 | D:4      | Found an ancient bone altar of Kikubaaqudgha.
  3816 | D:4      | Reached XP level 7. HP: 43/71 MP: 10/10
  4061 | D:4      | Found a radiant altar of Vehumet.
  4756 | D:4      | Reached skill level 5 in Fighting
  5195 | D:4      | HP: 1/72 [howler monkey (6)]
  5195 | D:4      | Slain by a giant cockroach

Levels and vault maps discovered:
D:1:      dpeg_arrival_solitude, layout_loops_ring
D:2:      layout_loops_ring, cheibriados_altar_1, first_ration,
          minmay_misc_feat_secret_circle, nicolae_ru_the_path_less_chosen
D:3:      layout_loops_ring, lightli_temple_of_fire, lemuel_round_altar,
          uniq_grinder, uniq_crazy_yiuf_cottage
D:4:      minmay_clustersquares, layout_rooms, nicolae_overflow_hidden_temple,
          minmay_temple_entry_proselytizer, grunt_decor_resistance
Temple:   nicolae_temple_figure_zero

Skill      XL: |  1  2  3  4  5  6  7 |
---------------+----------------------+-----
Fighting       | 1 2 3 4 5 |  5.1
Maces & Flails | 1 2 3 |  3.4
Dodging        | 1 2 3 |  3.4
Throwing       | 2 3 4 |  4.0
Shields        | |  1.0
Spellcasting   | |  2.4
Conjurations   | |  2.6
Necromancy     | |  1.0
Earth Magic    | |  1.0
Poison Magic   | |  1.0

Action                   |  1- 3 |  4- 6 |  7- 9 || total
-------------------------+-------+-------+-------++-------
Melee: Club              |    16 |       |       ||    16
       Whip              |   134 |    60 |       ||   194
       Mace              |       |    34 |    14 ||    48
       Giant spiked club |       |       |    69 ||    69
Throw: Boomerang         |     8 |    19 |     9 ||    36
Invok: Lunge             |       |       |     3 ||     3
  Use: Scroll            |     5 |     2 |       ||     7
       Potion            |       |     5 |     1 ||     6
 Stab: Sleeping          |     1 |       |     1 ||     2
  Eat: Chunk             |     3 |     6 |     4 ||    13
Armor: Robe              |    55 |    21 |    25 ||   101
Dodge: Dodged            |    96 |    30 |    70 ||   196
